 Dungeon Crawl Stone Soup version 0.30.1-9-gdf580d7c3d (webtiles) character file.

Game seed: 16106767986768414525

354 monsoonserge the Magician (level 6, -2/40 HPs)
             Began as a Djinni Fire Elementalist on Oct 2, 2023.
             Slain by Edmund
             ... wielding a +3 flail of draining
              (6 damage)
             ... on level 4 of the Dungeon.
             The game lasted 00:08:13 (2999 turns).

monsoonserge the Magician (DjFE)                    Turns: 2999, Time: 00:08:14

Health: -2/40      AC:  3    Str:  7    XL:     6   Next: 95%
Gold:   219        EV: 12    Int: 18    God:
                   SH:  0    Dex: 18

rFire   + + .        m - staff of poison "Jeasuth" {rPois Will+ MP+9 Dex+4}
rCold   x . .        (no shield)
rNeg    . . .        o - +0 leather armour
rPois   ∞            (no helmet)
rElec   .            (no cloak)
rCorr   .            (no gloves)
SInv    .            (boots unavailable)
Will    +....        (no amulet)
Stlth   ++           (no ring)
HPRegen 0.26/turn    (no ring)
MPRegen 0.00/turn

%: infuse magic (-3 HP)
@: flying
A: sickness immunity, fire resistance 2, cold vulnerability 1, float, innate
caster, HP casting, extra vitality 1
a: no special abilities


You were on level 4 of the Dungeon.
You visited 1 branch of the dungeon, and saw 4 of its levels.

You collected 219 gold pieces.

Inventory:

Hand Weapons
 g - a +0 dagger
 h - a +0 short sword
Missiles
 i - 2 poisoned darts (quivered)
 u - 6 javelins
Armour
 a - a +0 robe
 j - a +0 kite shield
 o - a +0 leather armour (worn)
 s - a +0 ring mail
Magical Staves
 m - the staff of poison "Jeasuth" (weapon) {rPois Will+ MP+9 Dex+4}
   (You found it on level 3 of the Dungeon)

   [staff of poison]

   Your inability to study Poison Magic prevents you from drawing on the full
   power of this staff in melee.
   Base accuracy: +5 Base damage: 5 Base attack delay: 1.2 This weapon's minimum
   attack delay (0.6) is reached at skill level 12.
   Dex:       It affects your dexterity (+4).
   rPois:     It protects you from poison.
   MP:        It affects your magic capacity (+9).
   Will:      It increases your willpower.
   It falls into the 'Staves' category.
   It is a one-handed weapon.
Wands
 n - a wand of iceblast (10)
Scrolls
 b - 3 scrolls of magic mapping {unknown}
 d - 2 scrolls of identify {unknown}
 e - 2 scrolls of teleportation {unknown}
 k - a scroll of amnesia {unknown}
 l - a scroll of fear {unknown}
 r - a scroll of silence {unknown}
 t - a scroll of noise {unknown}
 v - a scroll of blinking {unknown}
Potions
 c - a potion of brilliance {unknown}
 f - a potion of curing {unknown}
 p - a potion of degeneration {unknown}
 q - a potion of haste {unknown}


   Skills:
 + Level 0.1 Fighting
 * Level 0.9 Armour
 + Level 2.3 Dodging
 + Level 1.9 Stealth
 * Level 5.3 Spellcasting


You knew the following spells:

 Your Spells              Type           Power      Damage    Failure   Level
a - Foxfire               Conj/Fire      96%        2x1d8     1%          1
b - Scorch                Fire           48%        2d7       3%          2
c - Volatile Blastmotes   Fire/Tloc      48%        2d14      6%          3
d - Inner Flame           Hex/Fire       24%        N/A       6%          3
e - Flame Wave            Conj/Fire      24%        2d8       21%         4
f - Sandblast             Erth           48%        2d12      1%          1
g - Ensorcelled Hibernat  Hex/Ice        48%        N/A       3%          2
Your spell library was empty.

Dungeon Overview and Level Annotations

Branches:
Dungeon (4/15)
 Temple: D:4-7

Altars:
Dithmenos
Nemelex Xobeh

Annotations:
D:4 Edmund


Innate Abilities, Weirdness & Mutations

You are immune to sickness and miasma.
You are immune to poison.
Your flesh is very heat resistant. (rF++)
You are vulnerable to cold. (rC-)
You float through the air rather than walking.
You learn spells naturally, not from books.
Your magical power is your life essence.
You have superior vitality. (+4 MHP)


Message History

Casting: Foxfire (safe; 1% risk of failure)
Confirm with . or Enter, or press ? or * to list all spells.
Flames lash the hobgoblin.
You kill the hobgoblin!
Your foxfire dissipates!
You see here a hobgoblin corpse.
There are no items here.
You now have 219 gold pieces (gained 9).
There are no items here.
Edmund says, "You wouldn't believe how much I paid for this flail."
Casting: Scorch (safe; 3% risk of failure)
Confirm with . or Enter, or press ? or * to list all spells.
A cloud of volatile blastmotes flares up around you!
Edmund attacks as you move away!
Edmund hits you with a +3 flail of draining.
Edmund says, "You wouldn't believe how much I paid for this flail."
The cloud of blastmotes explodes!
The concussive blast engulfs Edmund.
Edmund is lightly wounded.
The concussive blast engulfs you. You resist.
The cloud of blastmotes explodes!
The concussive blast engulfs Edmund!
Edmund is heavily wounded.
The concussive blast engulfs you. You resist.
You hear an angry hiss.
Casting: Volatile Blastmotes (dangerous; 6% risk of failure)
Confirm with . or Enter, or press ? or * to list all spells.
Flames lash Edmund.
Edmund is heavily wounded.
Edmund's fire resistance burns away.
Edmund hits you with a +3 flail of draining!
* * * LOW HITPOINT WARNING * * *
Casting: Scorch (safe; 3% risk of failure)
Confirm with . or Enter, or press ? or * to list all spells.
Okay, then.
Casting: Scorch (safe; 3% risk of failure)
Confirm with . or Enter, or press ? or * to list all spells.
Flames lash Edmund.
Edmund is burned terribly!
Edmund is severely wounded.
* * * LOW HITPOINT WARNING * * *
Edmund hits you with a +3 flail of draining.
You die...

#<# #.# #.# ### #.#
##### #... #.#####...#
#... #.##......# #....
#.##......#
.#....##'##..†...#
.....$..@@#......##.
........................
..........#.....###.....
#.........##.....# ....
#.....############ ...
#..... .. ...... #
...... .....


You could see Edmund (combustible).

Vanquished Creatures
  Sigmund (D:3)
  Jessica (D:3)
  Natasha (twice) (D:2)
  Terence (D:3)
  5 adders
  2 worms
  A dart slug (D:1)
  An orc (D:3)
  10 ball pythons
  3 bats
  7 endoplasms
  2 giant cockroaches (D:2)
  A goblin (D:2)
  2 hobgoblins
  2 jackals (D:1)
  3 quokkas
  3 frilled lizards
  6 kobolds
  7 rats
60 creatures vanquished.

Vanquished Creatures (others)
  143 foxfires
143 creatures vanquished.

Grand Total: 203 creatures vanquished

Notes
Turn   | Place    | Note
-------+----------+-------------------------------------------
     0 | D:1      | monsoonserge the Djinni Fire Elementalist began the quest
                  | for the Orb.
     0 | D:1      | monsoonserge set off with the following spells memorised:
                  | Foxfire, Scorch, Volatile Blastmotes, Inner Flame, Flame
                  | Wave.
     0 | D:1      | Reached XP level 1. HP: 15/15 MP: 0/0
    93 | D:1      | Reached XP level 2. HP: 18/21 MP: 0/0
   319 | D:1      | Reached skill level 3 in Spellcasting
   397 | D:1      | Reached XP level 3. HP: 18/25 MP: 0/0
   397 | D:1      | Learned a level 1 spell: Sandblast
   856 | D:2      | Noticed Natasha
   864 | D:2      | Killed Natasha
  1039 | D:2      | Reached XP level 4. HP: 24/31 MP: 0/0
  1097 | D:2      | Noticed Natasha
  1109 | D:2      | Found a shadowy altar of Dithmenos.
  1179 | D:2      | Reached skill level 4 in Spellcasting
  1182 | D:2      | Reached XP level 5. HP: 30/35 MP: 0/0
  1182 | D:2      | Learned a level 2 spell: Ensorcelled Hibernation
  1402 | D:2      | Killed Natasha
  1722 | D:3      | Identified the staff of poison "Jeasuth" {rPois Will+ MP+9
                  | Dex+4}
  1780 | D:3      | Found a faded altar of an unknown god.
  2208 | D:3      | Noticed Terence
  2222 | D:3      | Killed Terence
  2432 | D:3      | Found a shadowy altar of Dithmenos.
  2432 | D:3      | Noticed Sigmund
  2439 | D:3      | Killed Sigmund
  2440 | D:3      | Reached skill level 5 in Spellcasting
  2440 | D:3      | Reached XP level 6. HP: 33/40 MP: 0/0
  2441 | D:3      | Noticed Jessica
  2443 | D:3      | Killed Jessica
  2565 | D:3      | Found a sparkling altar of Nemelex Xobeh.
  2970 | D:4      | Noticed Edmund
  2999 | D:4      | Slain by Edmund

Illustrated notes

Levels and vault maps discovered:
D:1:      minmay_arrival_pointy, layout_basic, st_stairs_11,
          hangedman_decor_peaks_small, minmay_tromino_v4_c
D:2:      layout_loops_ring, basic_altar, ebering_dispersal_statue_hall,
          uniq_natasha
D:3:      layout_loops_corners, mainiacjoe_overflow_24_doors,
          nemelex_xobeh_ov_fountains_minmay, nicolae_ecumenical_snake_handling,
          serial_aquarium, aquarium_bridge_long_separate
          [aquarium_subvault_window, aquarium_subvault_wall,
          aquarium_subvault_bridge, aquarium_subvault_bridge,
          aquarium_subvault_bridge, aquarium_subvault_wall],
          aquarium_bridge_straight [aquarium_subvault_bridge,
          aquarium_subvault_wall, aquarium_subvault_bridge,
          aquarium_subvault_window], aquarium_window_fake,
          aquarium_window_corridor_2, aquarium_view_2c, aquarium_pool_four,
          grunt_decor_resistance, uniq_jessica, uniq_sigmund, uniq_terence
D:4:      layout_basic, fedhas_ov_isle_minmay, tgw_trog,
          nicolae_hepliaklqana_hippocampus, uniq_grinder, uniq_robin,
          uniq_edmund

Skill      XL: |  1  2  3  4  5 |
---------------+----------------+-----
Spellcasting   | 3 4 5 |  5.3
Fighting       | |  0.1
Armour         | |  0.9
Dodging        | |  2.3
Stealth        | |  1.9

Action                     |  1- 3 |  4- 6 || total
---------------------------+-------+-------++-------
  Melee: Unarmed           |     1 |       ||     1
   Cast: Foxfire           |    43 |    44 ||    87
         Scorch            |     4 |    22 ||    26
         Volatile Blastmot |     4 |    14 ||    18
  Dodge: Dodged            |     4 |     1 ||     5
